 Dungeon Sprint DCSS version 0.21.1-1-g345015f (webtiles) character file.

473 twistedcrescendo the Fighter (level 7, 0/54 HPs)
             Began as a Gargoyle Berserker on July 2, 2018.
             Was a Believer of Trog.
             Slain by a yak (7 damage)
             ... in the Dungeon (Sprint I: "Red Sonja").
             The game lasted 00:02:46 (265 turns).

twistedcrescendo the Fighter (Gargoyle Berserker)    Turns: 265, Time: 00:02:46

Health: 0/54       AC: 13    Str: 21    XL:     7   Next: 10%
Magic:  7/7        EV:  8    Int:  7    God:    Trog [**....]
Gold:   297        SH:  0    Dex: 11    Spells: 6/6 levels left

rFire    . . .     SeeInvis .   a - +0 mace
rCold    . . .     Gourm    .   (no shield)
rNeg     + . .     Faith    .   j - +0 chain mail
rPois    ∞         Spirit   .   (no helmet)
rElec    +         Reflect  .   (no cloak)
rCorr    .         Harm     .   (no gloves)
MR       .....     NoTele   +   (no boots)
Stlth    ..........             (no amulet)
HPRegen  0.18/turn              (no ring)
MPRegen  0.10/turn              (no ring)

@: berserk cooldown, slowed, very slow
A: negative energy resistance 1, electricity resistance, unbreathing,
petrification resistance, rot immunity, AC +4
a: Berserk, Trog's Hand, Burn Spellbooks, Renounce Religion


You were in the Dungeon.
You worshipped Trog.
Trog was pleased with you.
You were hungry.

You visited 1 branch You collected 297 gold pieces.

Inventory:

Hand Weapons
 a - a +0 mace (weapon)
Armour
 b - a +0 animal skin
 j - a +0 chain mail (worn)
Scrolls
 i - a scroll of blinking
Potions
 d - a potion of curing
 e - a potion of heal wounds
 f - a potion of haste
 g - 2 potions of magic
 h - a potion of berserk rage
 k - a potion of degeneration {unknown}
Comestibles
 c - a ration


   Skills:
 + Level 11.6 Fighting
 + Level 10.7 Maces & Flails
 - Level 2.1 Armour
 - Level 1.5 Dodging


You had 6 spell levels left.
You didn't know any spells.

Dungeon Overview and Level Annotations

Branches:
Dungeon (1/1)

Altars:
Cheibriados
Dithmenos
Gozag
Hepliaklqana
Kikubaaqudgha
Makhleb
Ru
Sif Muna
Uskayaw
Vehumet
Wu Jian
Xom
Yredelemnul
Jiyva
Lugonu

Shops:
D }


Innate Abilities, Weirdness & Mutations

You are resistant to torment.
Your stone body is resilient. (AC +4)
You are immune to poison.
You resist negative energy. (rN+)
You are resistant to electric shocks. (rElec)
You can survive without breathing.
You are immune to petrification.
You are immune to rotting.


Message History

You sock the yak!
The yak is heavily wounded.
The yak gores you but does no damage.
You closely miss the yak.
The yak is heavily wounded.
The yak gores you.
You sock the yak!
The yak is severely wounded.
The yak gores you. x2
You hit the yak.
The yak is almost dead.
The yak gores you.
You closely miss the yak.
The yak is almost dead.
The yak gores you!
* * * LOW HITPOINT WARNING * * *
You hit the yak but do no damage.
The yak is almost dead.
The yak gores you!
You die...

###################
#<.#..').#..'..#__#
#..'..#..)..#..'..+
#..#####'#####'#__#
#..# #..#...#)# ##
#..# ####..##(#
#..# ##@#_.+
#⌠⌠#_.∩...Y..._#
####_..__##_.#+#


____ ##+# ### You could see a yak.

Vanquished Creatures
  A slime creature (D)
  Sigmund (D)
  An ogre (D)
  A jelly (D)
  Ijyb (D)
5 creatures vanquished.

Notes
Turn   | Place    | Note
-------+----------+-------------------------------------------
     0 | D        | twistedcrescendo the Gargoyle Berserker began the quest for the Orb.
     0 | D        | Reached XP level 1. HP: 14/14 MP: 1/1
     1 | D        | Noticed Ijyb
    22 | D        | Killed Ijyb
    22 | D        | Reached skill level 5 in Fighting
    22 | D        | Reached skill level 5 in Maces & Flails
    22 | D        | Reached XP level 2. HP: 17/21 MP: 2/2
    22 | D        | Reached XP level 3. HP: 21/26 MP: 3/3
    53 | D        | Noticed an ogre
    57 | D        | Killed an ogre
    57 | D        | Reached skill level 7 in Fighting
    57 | D        | Reached XP level 4. HP: 35/35 MP: 4/4
   108 | D        | Noticed Sigmund
   128 | D        | Killed Sigmund
   128 | D        | Reached ** piety under Trog
   128 | D        | Reached skill level 10 in Fighting
   128 | D        | Reached XP level 5. HP: 29/42 MP: 5/5
   128 | D        | Reached XP level 6. HP: 34/48 MP: 6/6
   225 | D        | Found a burning altar of Makhleb.
   225 | D        | Found a viscous altar of Jiyva.
   225 | D        | Found a shimmering altar of Xom.
   225 | D        | Found a corrupted altar of Lugonu.
   225 | D        | Noticed a slime creature
   226 | D        | Found an ornate altar of the Wu Jian Council.
   226 | D        | Found a deep blue altar of Sif Muna.
   228 | D        | Found a radiant altar of Vehumet.
   234 | D        | Killed a slime creature
   234 | D        | Reached skill level 11 in Fighting
   234 | D        | Reached skill level 10 in Maces & Flails
   234 | D        | Reached XP level 7. HP: 54/54 MP: 7/7
   253 | D        | Found Resiakk's Gadget Emporium.
   253 | D        | Found an ancient bone altar of Kikubaaqudgha.
   253 | D        | Found a hazy altar of Hepliaklqana.
   253 | D        | Found a hide-covered altar of Uskayaw.
   253 | D        | Found a basalt altar of Yredelemnul.
   253 | D        | Found an opulent altar of Gozag.
   253 | D        | Found a snail-covered altar of Cheibriados.
   253 | D        | Found a sacrificial altar of Ru.
   253 | D        | Found a shadowy altar of Dithmenos.
   253 | D        | Noticed a yak
   265 | D        | Slain by a yak

Skill      XL: |  1  2  3  4  5  6 |
---------------+-------------------+-----
Fighting       | 5 7 10 11 | 11.6
Maces & Flails | 5 7 9 10 | 10.7
Armour         | |  2.1
Dodging        | |  1.5

Action                   |  1- 3 |  4- 6 |  7- 9 || total
-------------------------+-------+-------+-------++-------
Melee: Mace              |    23 |    17 |    13 ||    53
Invok: Berserk           |     2 |     1 |       ||     3
Armor: Animal skin       |    10 |       |       ||    10
       Chain mail        |     1 |     4 |     5 ||    10
Dodge: Dodged            |    16 |     7 |     2 ||    25
